 Dungeon Crawl Stone Soup version 0.25.1-9-gc5326a611f (webtiles) character file.

Game seed: 8939952029783836191

49 AlexTheUnready the Stinger (level 3, -1/28 HPs)
             Began as a Naga Venom Mage on Mar 2, 2024.
             Slain by a worker ant zombie (5 damage)
             ... on level 2 of the Dungeon on Mar 3, 2024.
             The game lasted 00:03:31 (1719 turns).

AlexTheUnready the Stinger (Naga Venom Mage)        Turns: 1719, Time: 00:03:32

Health: -1/28      AC:  6    Str: 10    XL:     3   Next: 77%
Magic:  3/7        EV: 10    Int: 16    God:
Gold:   17         SH:  0    Dex: 11    Spells: 1/7 levels left

rFire    . . .     SeeInvis +   (no weapon)
rCold    . . .     Gourm    .   (no shield)
rNeg     . . .     Faith    .   a - +0 robe
rPois    +         Spirit   .   i - +0 helmet
rElec    .         Reflect  .   b - +2 cloak
rCorr    .         Harm     .   (no gloves)
MR       .....                  (no barding)
Stlth    ++........             (no amulet)
HPRegen  0.09/turn              (no ring)
MPRegen  0.10/turn              (no ring)

@: very slow
A: large, see invisible, deformed body, poison resistance, slowness 2, slow
metabolism 1, spit poison 1, AC +1
a: Spit Poison


You were on level 2 of the Dungeon.
You were not hungry.

You visited 1 branch of the dungeon, and saw 2 of its levels.

You collected 17 gold pieces.

Inventory:

Armour
 a - a +0 robe (worn)
 b - a +2 cloak (worn)
 i - a +0 helmet (worn)
Scrolls
 d - a scroll of magic mapping {unknown}
 e - 3 scrolls of teleportation {unknown}
 f - a scroll of remove curse {unknown}
 k - 2 scrolls of blinking {unknown}
 l - 3 scrolls of fog {unknown}
Potions
 g - a potion of degeneration {unknown}
 j - 2 potions of stabbing {unknown}
Comestibles
 c - 5 rations
 h - a chunk of flesh


   Skills:
 + Level 0.1 Fighting
 + Level 2.0 Dodging
 - Level 3.0 Stealth
 + Level 2.7 Spellcasting
 - Level 1.0 Transmutations
 + Level 5.0 Poison Magic


You had one spell level left.
You knew the following spells:

 Your Spells              Type           Power        Failure   Level  Hunger
a - Sting                 Tmut/Pois      ##..         5%          1    #......
b - Poisonous Vapours     Pois/Air       ##....       11%         2    ##.....
c - Ignite Poison         Fire/Tmut/Pois #.......     26%         3    ###....

Your spell library contained the following spells:

 Spells                   Type           Power        Failure   Level  Hunger
 Olgreb's Toxic Radiance  Pois           ###.....     24%         4    #####..
 Mephitic Cloud           Conj/Pois/Air  #.......     28%         3    ###....


Dungeon Overview and Level Annotations

Branches:
Dungeon (2/15)

Altars:


Innate Abilities, Weirdness & Mutations

You cannot wear boots.
Your serpentine skin is tough. (AC +1)
You have supernaturally acute eyesight. (SInv)
Armour fits poorly on your strangely shaped body.
Your system is resistant to poisons. (rPois)
You cover ground very slowly.
You have a slow metabolism.
You can spit poison.


Message History

You hit the worker ant zombie but do no damage.
The worker ant zombie is severely damaged.
The worker ant zombie barely misses you.
You barely miss the worker ant zombie.
The worker ant zombie is severely damaged.
The worker ant zombie bites you but does no damage.
You hit the worker ant zombie.
The worker ant zombie is almost destroyed.
The worker ant zombie bites you but does no damage.
You barely miss the worker ant zombie.
The worker ant zombie is almost destroyed.
The worker ant zombie bites you.
* * * LOW HITPOINT WARNING * * *
You hit the worker ant zombie.
The worker ant zombie is almost destroyed.
The worker ant zombie bites you but does no damage.
You hit the worker ant zombie but do no damage.
The worker ant zombie is almost destroyed.
The worker ant zombie bites you.
You die...

.# ### #########.### #..
..#......... #.#
#.#.#.......# #
#.##.##.#.#.##..#.# .
#.##(Z............##
#.##.#####.#.#..#......
###.#...####.#Z#..#....#
#....<#......#@........#
#[#..#...########.......#
##.##.##########.#.#.##
#<............##.....#
#.####...#####.###...##
####...#####.# #...#####
....(......##.# #.>......
..#.#....#.##.###..<#####
#.##.(.#.#.............


You could see a worker ant zombie.

Vanquished Creatures
  4 dart slugs (D:1)
  A giant cockroach (D:2)
  3 goblins (D:1)
  6 hobgoblins (D:1)
  8 jackals (D:1)
  2 bats
  4 frilled lizards (D:1)
  3 kobolds (D:1)
  8 rats
39 creatures vanquished.

Notes
Turn   | Place    | Note
-------+----------+-------------------------------------------
     0 | D:1      | AlexTheUnready the Naga Venom Mage began the quest for the
                  | Orb.
     0 | D:1      | Reached XP level 1. HP: 15/15 MP: 3/3
   309 | D:1      | Reached XP level 2. HP: 19/22 MP: 1/5
   528 | D:1      | Learned a level 2 spell: Poisonous Vapours
   738 | D:1      | Reached XP level 3. HP: 15/28 MP: 0/6
   743 | D:1      | Learned a level 3 spell: Ignite Poison
  1593 | D:2      | Reached skill level 5 in Poison Magic
  1719 | D:2      | Slain by a worker ant zombie

Illustrated notes

Levels and vault maps discovered:
D:1:      dpeg_arrival_fog, layout_loops_cross
D:2:      layout_loops_cross

Skill      XL: |  1  2  3 |
---------------+----------+-----
Dodging        | 2 |  2.0
Poison Magic   | 5 |  5.0
Fighting       | |  0.1
Stealth        | |  3.0
Spellcasting   | |  2.7
Transmutations | |  1.0

Action                   || total
-------------------------++-------
Melee: Unarmed           ||    61
 Cast: Sting             ||    60
       Poisonous Vapours ||     1
 Abil: Spit Poison       ||    14
  Eat: Chunk             ||     3
Armor: Robe              ||    32
Dodge: Dodged            ||    49
